 Dungeon Crawl Stone Soup version 0.29-a0-668-g12ee2bf84d (webtiles) character file.

Game seed: 14657154074824569028

5 blackman the Sneak (level 1, 0/18 HPs)
             Began as a Human Delver on June 23, 2022.
             Was an Initiate of Elyvilon.
             Slain by a kobold
             ... wielding a +0 dagger
              (2 damage)
             ... on level 4 of the Dungeon.
             The game lasted 00:04:58 (373 turns).

blackman the Sneak (Human Delver)                    Turns: 373, Time: 00:04:58

Health: 0/18       AC:  3    Str: 12    XL:     1   Next: 88%
Magic:  1/1        EV: 12    Int: 10    God:    Elyvilon [......]
Gold:   10         SH:  0    Dex: 14    Spells: 0/0 levels left

rFire   . . .      SeeInvis .   a - +0 hand axe
rCold   . . .      Faith    .   (no shield)
rNeg    . . .      Spirit   .   b - +0 leather armour
rPois   .          Reflect  .   (no helmet)
rElec   .          Harm     .   (no cloak)
rCorr   .          Rampage  .   (no gloves)
Will    .....                   (no boots)
Stlth   +++.......              (no amulet)
HPRegen 0.06/turn               (no ring)
MPRegen 0.07/turn               (no ring)

@: no status effects
A: no striking features
a: Renounce Religion


You were on level 4 of the Dungeon.
You worshipped Elyvilon.
Elyvilon was noncommittal.
You visited 2 branches of the dungeon, and saw 5 of its levels.

You collected 10 gold pieces.

Inventory:

Hand Weapons
 a - a +0 hand axe (weapon)
Armour
 b - a +0 leather armour (worn)
Wands
 g - a wand of digging (5)
Scrolls
 c - a scroll of fog
 d - a scroll of identify {unknown}
 e - a scroll of fear
Potions
 f - a potion of haste


   Skills:
 + Level 3.1 Fighting
 + Level 2.1 Axes
 + Level 2.1 Dodging
 + Level 5.0 Stealth


You couldn't memorise any spells.
You didn't know any spells.
Your spell library was empty.

Dungeon Overview and Level Annotations

Branches:
Dungeon (6/15)             Temple (1/1) D:5

Altars:
Ashenzari
Cheibriados
Elyvilon
Makhleb
Nemelex Xobeh
Okawaru
Qazlal
Ru
Sif Muna
Trog
Vehumet
Wu Jian
Xom
Yredelemnul
Zin
The Shining One


Message History

The ball python bites you. The ball python barely misses you.
The kobold barely misses you.
The ball python bites you but does no damage.
The ball python grabs you. The ball python constricts you.
You hit the ball python.
The ball python is severely wounded.
You hit the kobold. The kobold hits you with a +0 dagger.
The ball python bites you. The ball python constricts you.
You are too injured to fight recklessly!
You are too injured to fight recklessly!
You are too injured to fight recklessly!
You closely miss the kobold.
The kobold is severely wounded.
You barely miss the ball python. The kobold hits you but does no damage.
The ball python misses you. The ball python constricts you.
The kobold barely misses you. The ball python bites you.
The ball python constricts you.
You closely miss the kobold.
The kobold is severely wounded.
You hit the ball python.
You kill the ball python!
The kobold hits you with a +0 dagger.
* * * LOW HITPOINT WARNING * * *
You closely miss the kobold.
The kobold is severely wounded.
The kobold closely misses you.
You barely miss the kobold.
The kobold is severely wounded.
The kobold hits you but does no damage.
You closely miss the kobold.
The kobold is severely wounded.
The kobold hits you but does no damage.
You barely miss the kobold.
The kobold is severely wounded.
The kobold hits you but does no damage. The kobold hits you with a +0 dagger.
* * * LOW HITPOINT WARNING * * *
You closely miss the kobold.
The kobold is severely wounded.
The kobold hits you with a +0 dagger.
You die...

.....#. ##......
###......# .........#
#........##
..........###### #.
###....†#....... #..
..$....@†...# #.#
##....K.....###### #.#
#...............#####.#
#...^...####..#........
##......# ##.#......#.
##....## #..........
###.## ###........ ..
#.....)#. ### #......#.


You could see a kobold.

Vanquished Creatures
  A giant cockroach (D:3)
  A hobgoblin (D:4)
  2 ball pythons
  A kobold (D:4)
5 creatures vanquished.

Notes
Turn   | Place    | Note
-------+----------+-------------------------------------------
     0 | D:5      | blackman the Human Delver began the quest for the Orb.
     0 | D:5      | Reached XP level 1. HP: 18/18 MP: 1/1
    62 | D:5      | Found a staircase to the Ecumenical Temple.
    68 | Temple   | Entered the Ecumenical Temple
   188 | Temple   | Became a worshipper of Zin the Law-Giver
   203 | Temple   | Fell from the grace of Zin
   203 | Temple   | Became a worshipper of Elyvilon the Healer
   273 | D:6      | Noticed an ogre
   291 | D:6      | Noticed a scorpion
   373 | D:4      | Slain by a kobold

Illustrated notes

Levels and vault maps discovered:
D:3:      layout_rooms, general_overflow_altar
D:4:      layout_rooms, gammafunk_ghost_split, serial_shops, nicolae_shop_stone
D:5:      layout_basic, nicolae_gozag_seed_capital, minmay_temple_entry_fiery
D:6:      gammafunk_steamed_eel, layout_loops_ring
Temple:   kb_temple_of_zot

Action                   || total
-------------------------++-------
Melee: Hand axe          ||    19
       Punch             ||     1
Evoke: Wand              ||     5
  Use: Scroll            ||     1
Armor: Leather armour    ||     9
Dodge: Dodged            ||    14

Table legend: (Time is in decaauts)
 A = Elapsed time spent in this place.
 B = Non-inter-level travel time spent in this place.
 C = Inter-level travel time spent in this place.
 D = Time resting spent in this place.
 E = Time spent auto-exploring this place.
 F = Levels seen in this place.
 G = Mean time per level.
                   A        B        C        D        E       F      G
               +--------+--------+--------+--------+--------+-----+--------+
         Total |    378 |    276 |    102 |      0 |     98 |   5 |   75.6 |
       Dungeon |    216 |    168 |     48 |      0 |      8 |   4 |   54.0 |
        Temple |    161 |    107 |     54 |      0 |     90 |   1 |  161.0 |
               +--------+--------+--------+--------+--------+-----+--------+

Top non-repeatable levels by time:
  Temple: 161 daAuts
     D:5: 110 daAuts
     D:4: 54 daAuts
     D:6: 38 daAuts
     D:3: 13 daAuts
